AoeStats
← Iwwan

Arabia

510235909Analyzed
1v1 RM · 19h ago on Sep 30, 2026· 67m 47s· 2 players
Game mode
Random Map
Map size
Tiny (2 player)
Population
200
Speed
Normal
Resources
Standard
Victory
Conquest
Starting age
Dark Age
Ending age
Imperial Age
RankedLock teamsTeams togetherTeam positionsShared explorationLock speedFull tech treeHidden civsTurbo modeCheats
Victory
Defeat
🇦🇺 Britons · Australia
905
+37
🇺🇸 Varangians · United States
850
-13
SkulkingMuskrat
7:39 Loom
11:02 Feudal Age
13:03 Horse Collar
17:35 Castle Age
17:03 Bloodlines
17:35 Scale Barding Armor
23:37 Forging
24:03 Husbandry
26:06 Wheelbarrow
27:57 Chain Barding Armor
28:33 Stone Mining
28:59 Gold Mining
36:40 Iron Casting
40:14 Vendel Legacy
43:50 Stone Shaft Mining
47:17 Imperial Age
47:22 Capped Ram
50:01 Conscription
49:23 Cavalier
65:36 Plate Barding Armor
67:47 Blast Furnace
Iwwan
10:39 Feudal Age
11:13 Double-Bit Axe
20:37 Castle Age
19:37 Fletching
19:58 Forging
19:49 Padded Archer Armor
20:18 Gold Mining
21:47 Crossbowman
23:51 Stone Mining
24:15 Bow Saw
25:45 Pikeman
26:26 Squires
29:15 Bodkin Arrow
29:37 Leather Archer Armor
33:55 Scale Barding Armor
34:31 Iron Casting
35:08 Gold Shaft Mining
35:13 Wheelbarrow
38:01 Scale Mail Armor
44:24 Imperial Age
44:59 Halberdier
47:53 Arbalester
52:48 Bracer
53:19 Ring Archer Armor
53:50 Blast Furnace
53:05 Chain Mail Armor
53:47 Hand Cart
53:23 Horse Collar
62:33 Ballistics
63:14 Chemistry
67:10 Plate Mail Armor
Connection lost

Rejoining the realm…

Still unreachable

The connection could not be restored.

Session expired

The server has moved on; the page needs a fresh start.